 Dungeon Crawl Stone Soup version 0.30.0-15-g856e2d3f33 (webtiles) character file.

Game seed: 12323853036241990558

261 Persephone the Shooter (level 5, -9/47 HPs)
             Began as a Minotaur Hunter on May 19, 2023.
             Blown up by Ijyb (15 damage)
             ... with a mindburst bolt
             ... on level 3 of the Dungeon.
             The game lasted 00:03:32 (1950 turns).

Persephone the Shooter (Minotaur Hunter)            Turns: 1950, Time: 00:03:33

Health: -9/47      AC:  4    Str: 16    XL:     5   Next: 96%
Magic:  4/4        EV: 12    Int:  6    God:
Gold:   228        SH:  0    Dex: 15    Spells: 4/4 levels left

rFire   . . .        a - +0 shortbow
rCold   . . .        (shield currently unavailable)
rNeg    . . .        c - +0 leather armour
rPois   +            (helmet restricted)
rElec   .            r - +0 cloak
rCorr   .            (no gloves)
SInv    .            (no boots)
Will    .....        (no amulet)
Stlth   +            g - ring of poison resistance
HPRegen 0.27/turn    (no ring)
MPRegen 0.09/turn

%: no passive effects
@: no status effects
A: horns 2, retaliatory headbutt
a: no special abilities


You were on level 3 of the Dungeon.
You visited 1 branch of the dungeon, and saw 3 of its levels.

You collected 228 gold pieces.

Inventory:

Hand Weapons
 a - a +0 shortbow (weapon)
Armour
 c - a +0 leather armour (worn)
 r - a +0 cloak (worn)
Jewellery
 g - a ring of poison resistance (left hand)
 i - a ring of positive energy
 q - an amulet of faith
Scrolls
 b - a scroll of immolation
 d - 4 scrolls of identify {unknown}
 f - 2 scrolls of teleportation {unknown}
 l - a scroll of magic mapping {unknown}
 n - a scroll of fear {unknown}
 o - a scroll of noise {unknown}
 p - a scroll of amnesia {unknown}
 s - a scroll of blinking {unknown}
Potions
 e - a potion of berserk rage {unknown}
 h - 2 potions of flight {unknown}
 j - 2 potions of degeneration {unknown}
 k - 2 potions of brilliance {unknown}
 m - 2 potions of mutation {unknown}


   Skills:
 + Level 4.7 Fighting
 * Level 7.0 Ranged Weapons
 - Level 2.2 Dodging
 - Level 0.7 Stealth


You had 4 spell levels left.
You didn't know any spells.
Your spell library contained the following spells:

 Spells                   Type           Power      Damage    Failure   Level
 Sting                    Tmut/Pois      0%         1d3       52%         1
 Cigotuvi's Dreadful Rot  Necr/Pois/Air  0%         N/A       67%         2
 Poisonous Vapours        Pois/Air       0%         N/A       67%         2
 Ignite Poison            Fire/Tmut/Pois 0%         N/A       88%         3
 Inner Flame              Hex/Fire       0%         N/A       88%         3
 Flame Wave               Conj/Fire      0%         2d4       99%         4
 Olgreb's Toxic Radiance  Pois           0%         N/A       99%         4
 Sticky Flame             Conj/Fire      0%         2d3       99%         4
 Freezing Cloud           Conj/Ice/Air   0%         6-21      100%        5
 Ignition                 Fire           0%         3d3       100%        8


Dungeon Overview and Level Annotations

Branches:
Dungeon (3/15)

Altars:

Shops:
D:1 *

Annotations:
D:3 Ijyb


Innate Abilities, Weirdness & Mutations

You have a pair of horns on your head.
You reflexively headbutt those who attack you in melee.


Message History

You shoot an arrow. The arrow closely misses Ijyb.
You shoot an arrow. The arrow hits Ijyb!
Ijyb is severely wounded.
Ijyb zaps a wand.
You barely resist. You shoot an arrow. The arrow barely misses Ijyb.
Ijyb misses you. You furiously retaliate!
You headbutt Ijyb, but do no damage. You shoot an arrow.
The arrow hits Ijyb but does no damage.
Ijyb is severely wounded.
Ijyb hits you with a +0 dagger. x2
You shoot an arrow. The arrow closely misses Ijyb.
Ijyb zaps a wand.
Your mind is blasted!
You are too injured to fight recklessly!
You are too injured to fight recklessly!
You shoot an arrow. The arrow hits Ijyb but does no damage.
Ijyb is severely wounded.
Ijyb hits you but does no damage.
You shoot an arrow. The arrow barely misses Ijyb.
Ijyb closely misses you.
You shoot an arrow. The arrow closely misses Ijyb.
Ijyb screams, "Me stronger than you!" Ijyb hits you with a +0 dagger.
You shoot an arrow. The arrow closely misses Ijyb.
Ijyb hits you with a +0 dagger.
You shoot an arrow. The arrow hits Ijyb.
Ijyb is almost dead.
Ijyb screams, "Me kill you!" Ijyb hits you with a +0 dagger. x2
You shoot an arrow. The arrow closely misses Ijyb.
Ijyb closely misses you.
You shoot an arrow. The arrow hits Ijyb but does no damage.
Ijyb is almost dead.
Ijyb hits you but does no damage.
You shoot an arrow. The arrow closely misses Ijyb.
Ijyb screams, "Level is mine!
All mine!"
Ijyb zaps a wand.
Your mind is blasted!
* * * LOW HITPOINT WARNING * * *
You shoot an arrow. The arrow barely misses Ijyb.
Ijyb hits you with a +0 dagger.
* * * LOW HITPOINT WARNING * * *
You shoot an arrow. The arrow barely misses Ijyb.
Ijyb zaps a wand.
Your mind is blasted!
You die...

#...........####.......####..
#...........#....##)##.†..##.
#...>.........####...####....
#...........### #...# ###..
#..........##.# #...# #.##.
#..........†..# #...# #(.'.
###†#......##.# #...# #.##.
#.#.......### #...# ###.)
#.........@g# #.[[# ##...)
##..###...#....#####......#
##.. #...###..... ..##..## ##
#.#.. .... . #..## ...##..
##. ##...# ##..# #.# ...#..
.... .. ) #..... #... #..
..##.##. ...... .......


You could see Ijyb.

Vanquished Creatures
  An ice beast (D:3)
  A hound zombie (D:3)
  A hound skeleton (D:3)
  A gnoll (D:1)
  5 adders (D:3)
  2 worms (D:3)
  6 orcs (D:3)
  3 bats
  9 endoplasms
  A giant cockroach (D:1)
  4 goblins
  7 hobgoblins
  3 jackals (D:3)
  4 quokkas
  9 ball pythons
  A ball python zombie (D:3)
  3 frilled lizards
  6 kobolds
  A quokka zombie (D:3)
  7 rats
75 creatures vanquished.

Notes
Turn   | Place    | Note
-------+----------+-------------------------------------------
     0 | D:1      | Persephone the Minotaur Hunter began the quest for the Orb.
     0 | D:1      | Reached XP level 1. HP: 18/18 MP: 0/0
   108 | D:1      | Reached XP level 2. HP: 25/25 MP: 1/1
   267 | D:1      | Reached skill level 5 in Ranged Weapons
   351 | D:1      | Reached XP level 3. HP: 31/31 MP: 2/2
   469 | D:1      | Found Learph's General Store.
  1397 | D:3      | Reached XP level 4. HP: 24/38 MP: 3/3
  1612 | D:3      | Reached skill level 6 in Ranged Weapons
  1657 | D:3      | Reached XP level 5. HP: 33/46 MP: 4/4
  1793 | D:3      | Noticed an ice beast
  1805 | D:3      | Killed an ice beast
  1812 | D:3      | Reached skill level 7 in Ranged Weapons
  1931 | D:3      | Noticed Ijyb
  1950 | D:3      | Blown up by Ijyb

Illustrated notes

Levels and vault maps discovered:
D:1:      wander_arrival_abandoned_jail, layout_rooms, serial_shops, shop
D:2:      layout_basic
D:3:      layout_rooms, serial_undead, serial_undead_e, serial_undead_b,
          serial_undead_f, serial_undead_c, minmay_divided_ellipse, uniq_ijyb

Skill      XL: |  1  2  3  4  5 |
---------------+----------------+-----
Fighting       | 3 4 |  4.7
Ranged Weapons | 5 6 7 |  7.0
Dodging        | |  2.2
Stealth        | |  0.7

Action                     |  1- 3 |  4- 6 || total
---------------------------+-------+-------++-------
   Fire: Shortbow          |    89 |   116 ||   205
 Armour: Leather armour    |    10 |    16 ||    26
  Dodge: Dodged            |    21 |    45 ||    66
